Map: Moondance

Players

PROROK

  • Race: Zerg Zerg
  • League: Silver
  • Spawn Location: 6:00

Exterminator - Winner!

  • Race: Zerg Zerg
  • League: Silver
  • Spawn Location: 12:00

VOD

Have the link to the VOD?

Description

Time

  • Played on: Oct. 27, 2022, 1:12 a.m.
  • Length: 11:41
Show
View Real Time Build Order
Export as new Build Order

PROROK Zerg 

Build Orders: Pool Only, Swarm Host 

Get SALT Encoding   

  12  0:19  Spawning Pool  
  11  0:22  Drone  
  11  0:26  Drone  
  13  0:31  Drone  
  14  0:36  Extractor  
  14  0:38  Drone  
  14  0:46  Overlord  
  14  1:07  Queen  
  16  1:41  Drone x3  
  19  1:58  Lair  
  19  2:07  Drone x2  
  21  2:09  Extractor  
  20  2:37  Zergling x4  
  16  2:52  Evolution Chamber x2  
  16  2:54  Spine Crawler  
  11  3:03  Drone x3  
  11  3:04  Queen  
  16  3:10  Spine Crawler  
  15  3:15  Drone  
  16  3:26  Infestation Pit  
  15  3:36  Drone  
  15  3:37  Drone  
  17  3:58  Drone x2  
  19  4:09  Overlord  
  17  4:31  Drone x2  
  17  4:35  Overseer  
  19  4:46  Drone x3  
  22  5:02  Spore Crawler  
  22  5:05  Spore Crawler, Drone  
  21  5:11  Overlord  
  21  5:31  Swarm Host x3  
  21  5:35  Overlord  
  30  5:58  Swarm Host  
  30  5:59  Swarm Host  
  30  6:01  Overlord  
  36  6:06  Zerg Missile Weapons Level 1  
  36  6:13  Nydus Network  
  28  6:28  Spine Crawler  
  27  6:39  Swarm Host  
  30  6:56  Spine Crawler  
  29  7:02  Drone  
  30  7:21  Nydus Canal  
  30  8:15  Nydus Canal  
  30  8:18  Drone x4  
  18  9:37  Drone x2  
  20  9:53  Drone x2  
  24  10:41  Spine Crawler  
Show
View Real Time Build Order
Export as new Build Order

Exterminator Zerg - Winner!

Build Orders: Pool First 

Get SALT Encoding   

  12  0:00  Drone  
  13  0:13  Overlord  
  13  0:17  Drone  
  14  0:37  Spawning Pool  
  14  0:39  Drone  
  14  0:43  Drone  
  14  0:47  Drone  
  16  0:52  Drone  
  17  1:30  Zergling x6  
  20  1:34  Queen  
  20  1:35  Extractor x2  
  20  2:00  Hatchery  
  18  2:05  Drone x3  
  21  2:23  Drone  
  21  2:56  Evolution Chamber, Queen  
  20  3:16  Drone x3  
  20  3:18  Queen, Drone  
  26  3:28  Overlord  
  26  3:32  Hatchery  
  25  4:09  Zergling x6  
  28  4:10  Zergling x6  
  28  4:14  Baneling Nest  
  30  4:18  Spore Crawler  
  30  4:19  Spore Crawler  
  30  4:22  Spore Crawler  
  27  4:37  Zergling x2  
  27  4:38  Zergling x2  
  29  4:56  Queen  
  29  4:58  Drone x2  
  33  5:01  Drone  
  33  5:02  Drone x4  
  38  5:16  Zergling x2  
  38  5:17  Zergling x6  
  38  5:18  Overlord x2  
  42  5:27  Baneling  
  42  5:28  Baneling x10  
  42  5:38  Drone x3  
  37  6:29  Zergling x22  
  48  6:40  Pneumatized Carapace  
  48  6:53  Metabolic Boost  
  48  6:56  Zergling x8  
  48  6:57  Zergling x8  
  48  6:59  Zerg Melee Weapons Level 1  
  56  7:06  Lair  
  56  7:14  Extractor  
  55  7:16  Zergling x2, Extractor  
  55  7:17  Zergling x6  
  55  7:18  Overlord  
  55  7:19  Overlord  
  58  7:43  Drone  
  58  7:44  Drone x7  
  55  8:05  Zergling x14  
  58  8:15  Drone x3  
  61  8:27  Baneling x11  
  61  8:28  Baneling x4  
  61  8:40  Zergling x2  
  61  8:41  Zergling x12  
  46  9:39  Zergling x16  
  54  9:45  Zergling x2  
  54  9:46  Zergling x6, Hatchery  
  54  9:50  Zergling x2  
  58  10:10  Hatchery  
  58  10:12  Lair  
  57  10:16  Zergling x6  
  60  10:49  Overlord x2  
  60  10:50  Overlord  
Tags
 
Composition
Swarm Host
Matchup
ZvZ
Race
Zerg
Spawn Locations
Cross Positions
Add a new tag
Caveats
  • Supply blocks, unpowered buildings, or Contaminate may cause inaccurate times.
  • Supply counts are checked every 10 seconds.